 Dungeon Crawl Stone Soup version 0.17-a0-1411-g06ff558 (webtiles) character file.

433 urechis the Cruncher (level 7, -1/40 HPs)
             Began as a Tengu Gladiator on June 23, 2015.
             Was a Follower of Trog.
             Slain by Prince Ribbit (9 damage)
             ... on level 5 of the Dungeon.
             The game lasted 00:12:51 (4767 turns).

urechis the Cruncher (Tengu Gladiator)              Turns: 4767, Time: 00:12:51

Health: -1/40      AC:  3    Str: 15    XL:     7   Next: 0%
Magic:  8/8        EV: 13    Int:  8    God:    Trog [*.....]
Gold:   234        SH:  0    Dex: 17    Spells: 0 memorised, 6 levels left

rFire  . . .     SeeInvis .     a - +0 quarterstaff
rCold  . . .     Clarity  .     D - +0 leather armour
rNeg   . . .     SustAt   .     (no shield)
rPois  .         Gourm    .     c - +0 hat
rElec  .         Spirit   .     (no cloak)
rCorr  .         Warding  .     (no gloves)
rMut   .         Stasis   .     (boots unavailable)
MR     +....                    (no amulet)
Stlth  +.........               (no ring)
                                q - ring of protection from magic

@: somewhat resistant to hostile enchantments, very unstealthy
A: beak, talons 3, able to fly 1
a: Fly, Burn Spellbooks, Berserk, Renounce Religion


You were on level 5 of the Dungeon.
You worshipped Trog.
Trog was aware of your devotion.
You were not hungry.

You visited 2 branches of the dungeon, and saw 6 of its levels.

You collected 234 gold pieces.

Inventory:

Hand weapons
 a - a +0 quarterstaff (weapon)
 b - a +0 blowgun
Missiles
 e - 2 throwing nets (quivered)
 f - 29 poisoned needles
 m - 4 curare-tipped needles
Armour
 c - a +0 hat (worn)
 D - a +0 leather armour (worn)
Jewellery
 q - a ring of protection from magic (left hand)
Scrolls
 d - 3 scrolls of teleportation {unknown}
 p - 4 scrolls of amnesia {unknown}
 r - a scroll of random uselessness {unknown}
 s - 5 scrolls of identify {unknown}
 t - a scroll of immolation {unknown}
 v - 2 scrolls of recharging {unknown}
 y - 3 scrolls of remove curse {unknown}
 z - a scroll of magic mapping {unknown}
 A - a scroll of noise {unknown}
 B - a scroll of fog {unknown}
Potions
 g - a potion of heal wounds
 h - a potion of cancellation {unknown}
 j - 2 potions of curing {unknown}
 k - a potion of mutation {unknown}
 l - 2 potions of lignification
 o - a potion of agility {unknown}
 u - a potion of poison {unknown}
 w - a potion of invisibility {unknown}
 C - a potion of berserk rage {unknown}
 G - a potion of brilliance {unknown}
Books
 F - a book of Geomancy

   Spells                             Type                      Level
   a - Sandblast                      Earth                        1
   b - Stoneskin                      Transmutation/Earth          2
   c - Passwall                       Transmutation/Earth          3
   d - Stone Arrow                    Conjuration/Earth            3
   e - Petrify                        Transmutation/Earth          4
   f - Lee's Rapid Deconstruction     Earth                        5
   Trog disapproves of the use of such an item.
Comestibles
 i - 4 meat rations
 n - 2 beef jerkies
 x - 2 bread rations


   Skills:
 - Level 2.0 Fighting
 + Level 8.4 Staves
 - Level 2.1 Throwing
 - Level 3.2 Dodging


You had 6 spell levels left.
You didn't know any spells.

Dungeon Overview and Level Annotations

Branches:
Dungeon (5/15)             Temple (1/1) D:4

Altars:
Ashenzari
Dithmenos
Fedhas
Gozag
Kikubaaqudgha
Nemelex Xobeh
Okawaru
Qazlal
Ru
Sif Muna
Trog
Vehumet
Yredelemnul
Zin
The Shining One

Annotations:
D:5 exclusion: statue, Prince Ribbit


Innate Abilities, Weirdness & Mutations

You have a beak for a mouth.
You have claws for feet.
You can fly.


Message History

Press: ? - help, Shift-Dir - straight line, f - Prince Ribbit
Aim: Prince Ribbit You shoot a poisoned needle.
The poisoned needle hits Prince Ribbit!
Prince Ribbit is poisoned.
Prince Ribbit closely misses you.
Firing (i - inventory. (,) - cycle):
f - 30 poisoned needles (quivered)
Press: ? - help, Shift-Dir - straight line, f/p - Prince Ribbit
Aim: Prince Ribbit (lightly wounded, poisoned)
You shoot a poisoned needle.
The poisoned needle misses Prince Ribbit.
Prince Ribbit hits you! x2
a - a +0 quarterstaff (weapon)
Throwing (i - inventory):
e - 3 throwing nets (quivered)
Press: ? - help, Shift-Dir - straight line, f/p - Prince Ribbit
Aim: Prince Ribbit (lightly wounded, poisoned)
You throw a throwing net.
Prince Ribbit momentarily phases out as the throwing net passes through him.
Prince Ribbit hits you!
* * * LOW HITPOINT WARNING * * *
Prince Ribbit hits you!
You die...

#........P..###
#.#....[....#
#.#########.# #.#
####.## #.# #..(..#
#.# ##.P.P.##
###..._...#
#F...P.P.##
#@##.(...#
#.#####..# #.#
##..# #.# #...#
#ยง# #.#.#
..####.#.#########
.........#........
#.#####.##.#.######
#. #.#.###.##


You could see Prince Ribbit.

Vanquished Creatures
  A sky beast (D:5)
  An orc priest (D:5)
  Jessica (D:2)
  3 worker ants (D:5)
  An iguana (D:4)
  7 adders
  An ooze (D:5)
  3 worms
  An adder skeleton (D:4)
  5 giant geckos
  5 orcs
  13 bats
  8 giant cockroaches
  8 goblins
  11 hobgoblins
  8 kobolds
  2 quokkas (D:3)
  3 ball pythons
  6 giant newts
  12 jackals
  10 rats
110 creatures vanquished.

Notes
Turn   | Place    | Note
--------------------------------------------------------------
     0 | D:1      | urechis the Tengu Gladiator began the quest for the Orb.
     0 | D:1      | Reached XP level 1. HP: 12/12 MP: 2/2
   123 | D:1      | Reached XP level 2. HP: 17/17 MP: 3/3
   142 | D:1      | Reached skill level 4 in Staves
   504 | D:1      | Reached XP level 3. HP: 13/21 MP: 4/4
  1173 | D:2      | Reached skill level 5 in Staves
  1414 | D:2      | Reached XP level 4. HP: 22/26 MP: 5/5
  1740 | D:2      | Noticed Jessica
  1756 | D:2      | Killed Jessica
  1902 | D:2      | Found a shadowy altar of Dithmenos.
  2112 | D:3      | Reached skill level 6 in Staves
  2112 | D:3      | Gained mutation: You can fly. [Tengu growth]
  2112 | D:3      | Reached XP level 5. HP: 23/30 MP: 6/6
  2547 | D:3      | Noticed a moth of wrath
  2550 | D:3      | Found a bloodstained altar of Trog.
  2660 | D:3      | Became a worshipper of Trog the Wrathful
  2808 | D:4      | Found an opulent altar of Gozag.
  2843 | D:4      | Found a staircase to the Ecumenical Temple.
  2881 | Temple   | Entered the Ecumenical Temple
  3011 | D:4      | Found a glowing silver altar of Zin.
  3210 | D:4      | Found a blossoming altar of Fedhas.
  3448 | D:5      | Entered Level 5 of the Dungeon
  3487 | D:5      | Reached skill level 7 in Staves
  3487 | D:5      | Reached XP level 6. HP: 15/35 MP: 7/7
  4140 | D:5      | Reached skill level 8 in Staves
  4408 | D:5      | Found a basalt altar of Yredelemnul.
  4546 | D:5      | Acquired Trog's first power
  4546 | D:5      | Reached XP level 7. HP: 40/40 MP: 8/8
  4551 | D:5      | Found a radiant altar of Vehumet.
  4756 | D:5      | Noticed Prince Ribbit
  4767 | D:5      | Slain by Prince Ribbit

Vault maps used:
D:1:      lightli_arrival_flooded_house
D:2:      lemuel_coloured_pillars_altar, first_bread, uniq_jessica
D:3:      tgw_trog, minmay_fountain_box
D:4:      overflow_temple_1_default, zin_treasury, old_standard_altar,
          minmay_temple_entry_overgrown
D:5:      yredelemnul_altar_generic, vehumet_statue, hex_medium, corexii_shack,
          uniq_prince_ribbit1
Temple:   circular_temple_pool_8

Action                   |  1- 3 |  4- 6 |  7- 9 || total
-------------------------+-------+-------+-------++-------
Melee: Quarterstaff      |   103 |   193 |     2 ||   298
 Fire: Blowgun           |       |       |     2 ||     2
Throw: Throwing net      |     2 |     1 |     1 ||     4
Invok: Burn Spellbooks   |       |     1 |       ||     1
  Use: Potion            |       |     2 |       ||     2
 Stab: Sleeping          |       |     2 |       ||     2
  Eat: Bread ration      |     1 |       |       ||     1
       Chunk             |       |     5 |     1 ||     6
       Royal jelly       |       |     1 |       ||     1
